 Dungeon Crawl Stone Soup version 0.28-a0-653-g7e9dba17c3 (webtiles) character file.

Game seed: 2451143228452217884

8 mordus the Chopper (level 2, -5/26 HPs)
             Began as a Hill Orc Monk on Oct 8, 2021.
             Slain by a gnoll (10 damage)
             ... on level 1 of the Dungeon on Oct 11, 2021.
             The game lasted 00:01:04 (444 turns).

mordus the Chopper (Hill Orc Monk)                   Turns: 444, Time: 00:01:05

Health: -5/26      AC:  2    Str: 13    XL:     2   Next: 8%
Magic:  2/2        EV: 12    Int: 10    God:
Gold:   7          SH:  0    Dex: 13    Spells: 1/1 levels left

rFire   . . .      SeeInvis .   a - +0 hand axe
rCold   . . .      Faith    .   (no shield)
rNeg    . . .      Spirit   .   b - +0 robe
rPois   .          Reflect  .   (no helmet)
rElec   .          Harm     .   (no cloak)
rCorr   .          Rampage  .   (no gloves)
Will    .....                   (no boots)
Stlth   ++........              (no amulet)
HPRegen 0.08/turn               (no ring)
MPRegen 0.08/turn               (no ring)

@: no status effects
A: no striking features
a: no special abilities


You were on level 1 of the Dungeon.
You visited 1 branch of the dungeon, and saw 1 of its levels.

You collected 7 gold pieces.

Inventory:

Hand Weapons
 a - a +0 hand axe (weapon)
Armour
 b - a +0 robe (worn)
Potions
 c - 2 potions of curing {unknown}
 d - a potion of resistance {unknown}


   Skills:
 - Level 3.6 Fighting
 * Level 4.5 Axes
 + Level 0.9 Armour
 - Level 2.4 Dodging
 - Level 1.5 Stealth


You had one spell level left.
You didn't know any spells.
Your spell library was empty.

Dungeon Overview and Level Annotations

Branches:
Dungeon (1/15)

Altars:


Message History

You open the door.
There is an open door here.
d - a murky purple potion A ball python comes into view.
Found 20 stones.
A ball python is nearby!
The helpless ball python fails to defend itself.
You slash the ball python!
You kill the ball python!
No target in view!
No target in view!
No target in view!
A bat comes into view.
A ball python comes into view.
There are monsters nearby!
A gnoll comes into view. It is wielding a +0 flail.
The ball python hisses angrily.
The bat hits you but does no damage.
You barely miss the bat.
The gnoll shouts!
The bat barely misses you. The ball python misses you.
The ball python grabs you. The ball python constricts you.
You hit the ball python.
You kill the ball python!
You hit the bat.
You kill the bat!
You have reached level 2!
You hit the gnoll but do no damage. The gnoll barely misses you. x2
You completely miss the gnoll. The gnoll hits you with a +0 flail!
You hit the gnoll.
The gnoll is lightly wounded.
The gnoll hits you with a +0 flail!
* * * LOW HITPOINT WARNING * * *
You hit the gnoll.
The gnoll is heavily wounded.
The gnoll closely misses you.
You closely miss the gnoll.
The gnoll is heavily wounded.
The gnoll hits you with a +0 flail!
You die...

#.......#.#...†..(.#
#.#####.##.#########
#.####
######.#######
#.............
#.####.#.##### #.#.#
###.#.#####
#..@......#
......#g#.###..
##.###...... #
.....### ......#
####.### #.# #.#


You could see a gnoll.

Vanquished Creatures
  An endoplasm (D:1)
  A hobgoblin (D:1)
  3 ball pythons (D:1)
  2 bats (D:1)
  A rat (D:1)
8 creatures vanquished.

Notes
Turn   | Place    | Note
-------+----------+-------------------------------------------
     0 | D:1      | mordus the Hill Orc Monk began the quest for the Orb.
     0 | D:1      | Reached XP level 1. HP: 19/19 MP: 1/1
     0 | D:1      | Upgraded the game from 0.28-a0-628-g3c9886e45e to
                  | 0.28-a0-653-g7e9dba17c3
   440 | D:1      | Reached XP level 2. HP: 25/26 MP: 2/2
   444 | D:1      | Slain by a gnoll

Illustrated notes

Levels and vault maps discovered:
D:1:      dpeg_arrival_arbitrary_c, layout_loops_corners, grunt_decor_junction,
          eino_curves_02

Action                   || total
-------------------------++-------
Melee: Hand axe          ||    24
 Stab: Sleeping          ||     2
Armor: Robe              ||     1
Dodge: Dodged            ||    15

Table legend: (Time is in decaauts)
 A = Elapsed time spent in this place.
 B = Non-inter-level travel time spent in this place.
 C = Inter-level travel time spent in this place.
 D = Time resting spent in this place.
 E = Time spent auto-exploring this place.
 F = Levels seen in this place.
 G = Mean time per level.
                   A        B        C        D        E       F      G
               +--------+--------+--------+--------+--------+-----+--------+
         Total |    446 |    446 |      0 |      0 |    386 |   1 |  446.0 |
       Dungeon |    446 |    446 |      0 |      0 |    386 |   1 |  446.0 |
               +--------+--------+--------+--------+--------+-----+--------+

Top non-repeatable levels by time:
     D:1: 446 daAuts
